 Dungeon Crawl Stone Soup version 0.18-a0-1655-ge2d8d33 (webtiles) character file.

65795 dohliylev the Unseen (level 14, -8/96 HPs)
             Began as a Vampire Enchanter on Mar 30, 2016.
             Was a High Priest of Dithmenos.
             Splashed with acid (11 damage)
             ... on level 1 of the Pits of Slime.
             The game lasted 08:56:27 (30279 turns).

dohliylev the Unseen (Vampire Enchanter)           Turns: 30279, Time: 08:56:27

Health: -8/96      AC: 12    Str: 11    XL:     14   Next: 76%
Magic:  0/28       EV: 22    Int: 25    God:    Dithmenos [*****.]
Gold:   1580       SH:  0    Dex: 26    Spells: 8 memorised, 14 levels left

rFire  . . .     SeeInvis +     a - +6 dagger (elec)
rCold  + + .     Gourm    .     Z - +1 leather armour of Duejer {Int+6 Dex+4}
rNeg   + + +     Faith    .     (no shield)
rPois  +         Spirit   +     V - +2 hat {Spirit}
rElec  .         Dismiss  .     o - +1 cloak
rCorr  .         Reflect  +     i - +2 pair of gloves
SustAt .         Harm     .     H - +0 pair of boots
MR     +....                    b - amulet "Nadduf" {Reflect *Corrode rN+ Dex+5 SH+2}
Stlth  +++++++...               W - ring of stealth
                                P - +3 ring of strength

@: confused, regenerating slowly, wreathed by umbra, somewhat resistant to
hostile enchantments, extremely stealthy
A: fangs 3, see invisible, unbreathing
a: Bat Form, Shadow Step, Shadow Form, Renounce Religion


You were on level 1 of the Pits of Slime.
You worshipped Dithmenos.
Dithmenos was extremely pleased with you.
You were near bloodless.

You visited 3 branches of the dungeon, and saw 19 of its levels.
You also visited: Ice Cave and Volcano.

You collected 1580 gold pieces.

Inventory:

Hand Weapons
 a - a +6 dagger of electrocution (weapon)
 z - a +0 blowgun
Missiles
 x - 38 poisoned needles
 A - 10 curare-tipped needles
Armour
 i - a +2 pair of gloves (worn)
 o - a +1 cloak (worn)
 H - a +0 pair of boots (worn)
 V - a +2 hat of spirit shield (worn)
 Z - the +1 leather armour of Duejer (worn) {Int+6 Dex+4}
   (You found it on level 9 of the Dungeon)

   It affects your intelligence (+6).
   It affects your dexterity (+4).
Jewellery
 b - the amulet "Nadduf" (around neck) {Reflect *Corrode rN+ Dex+5 SH+2}
   (You found it on level 2 of the Lair of Beasts)

   [amulet of reflection]

   It shields you and reflects attacks.
   It affects your dexterity (+5).
   It protects you from negative energy.
   It may corrode you when you take damage.
   It affects your SH (+2).
 f - an uncursed ring of resist corrosion
 t - an uncursed amulet of magic regeneration
 P - a +3 ring of strength (left hand)
 W - a ring of stealth (right hand)
Wands
 w - a wand of acid (4/15)
 N - a wand of enslavement (13/24)
Scrolls
 h - 3 scrolls of enchant armour
 j - a scroll of identify
 k - 6 scrolls of remove curse
 n - 2 scrolls of fear
 u - 10 scrolls of teleportation
 v - 4 scrolls of blinking
 y - 3 scrolls of recharging
 J - a scroll of amnesia
 M - a scroll of torment
 R - 3 scrolls of summoning
Potions
 g - 2 potions of cancellation
 l - 5 potions of curing
 m - 2 potions of mutation {unknown}
 p - 3 potions of ambrosia
 r - a potion of degeneration {unknown}
 C - 10 potions of heal wounds
 D - 2 potions of might {unknown}
 E - 2 potions of brilliance {unknown}
 F - 2 potions of invisibility {unknown}
 G - 22 potions of blood
 I - a potion of agility {unknown}
 K - 5 potions of haste
 L - 2 potions of resistance {unknown}
 O - a potion of cure mutation {unknown}
 Q - 2 potions of magic {unknown}
 T - a potion of flight {unknown}
Books
 c - a book of Maledictions

   Spells                             Type                      Level
   a - Corona                         Hexes                        1
   b - Ensorcelled Hibernation        Hexes/Ice                    2
   c - Confuse                        Hexes                        3
   d - Tukima's Dance                 Hexes                        3
   e - Dazzling Spray                 Conjuration/Hexes            3
 e - a Young Poisoner's Handbook

   Spells                             Type                      Level
   a - Sting                          Conjuration/Poison           1
   b - Cure Poison                    Poison                       2
   c - Mephitic Cloud                 Conjuration/Poison/Air       3
   d - Olgreb's Toxic Radiance        Poison                       4
   e - Venom Bolt                     Conjuration/Poison           5
 U - a book of Air

   Spells                             Type                      Level
   a - Shock                          Conjuration/Air              1
   b - Swiftness                      Charms/Air                   2
   c - Repel Missiles                 Charms/Air                   2
   d - Static Discharge               Conjuration/Air              3
   e - Lightning Bolt                 Conjuration/Air              5
Miscellaneous
 d - a plain deck of escape
 q - a phantom mirror
 s - a crystal ball of energy
 B - a stone of tremors
 S - an ornate deck of war
 X - a sack of spiders
 Y - a disc of storms


   Skills:
 + Level 4.9 Fighting
 + Level 5.9 Short Blades
 + Level 0.5 Throwing
 + Level 3.1 Armour
 + Level 9.8 Dodging
 + Level 20.1 Stealth
 + Level 10.8 Spellcasting
 + Level 2.1 Conjurations
 + Level 15.5 Hexes
 + Level 0.4 Charms
 + Level 9.5 Ice Magic
 + Level 1.1 Air Magic
 + Level 1.9 Poison Magic
 - Level 0.3 Invocations


You had 14 spell levels left.
You knew the following spells:

 Your Spells              Type           Power        Failure   Level  Hunger
a - Corona                Hex            ######.      0%          1    None
b - Ensorcelled Hibernat  Hex/Ice        ######       1%          2    None
c - Tukima's Dance        Hex            ######..     1%          3    None
d - Dazzling Spray        Conj/Hex       ######..     1%          3    None
e - Repel Missiles        Chrm/Air       ###...       10%         2    None
f - Swiftness             Chrm/Air       ###.....     10%         2    None
g - Mephitic Cloud        Conj/Pois/Air  ###.....     12%         3    None
h - Olgreb's Toxic Radia  Pois           ###.....     28%         4    None


Dungeon Overview and Level Annotations

Branches:
Dungeon (10/15)            Temple (0/1) D:6            Lair (8/8) D:10
 Shoals (0/4) Lair:5        Snake (0/4) Lair:5        Slime (1/6) Lair:8
    Orc: D:9-12

Altars:
Ashenzari
Dithmenos
Fedhas
Gozag
Kikubaaqudgha
Okawaru
Pakellas
Sif Muna
Trog
Vehumet
Xom
Zin
The Shining One
Jiyva

Shops:
D:5 (   D:8 %}}   D:10 [

Annotations:
D:4 F1L1N's ghost, novice DrBe


Innate Abilities, Weirdness & Mutations

You heal slowly.
You have razor-sharp teeth.
You have supernaturally acute eyesight.
You can survive without breathing.


Message History

You feel less confused. The golden eye blinks at you.
You are confused.
The golden eye blinks at you.
You are more confused.
The golden eye blinks at you.
You are more confused.
You miss the golden eye.
You bite the golden eye, but do no damage.
The golden eye blinks at you. You resist with almost no effort.
The golden eye blinks at you.
You are more confused.
The walls burn you!
* * * LOW HITPOINT WARNING * * *
You bump into the slime covered rock wall.
The walls burn you!
* * * LOW HITPOINT WARNING * * *
You're too confused to move!
The walls burn you!
You die...

#.....#...##.....##......
##.....#..................
....#.....................
...#.........#............
#.........##..........#.
#...................>...
#....#.##................
##....######..#........#
###.# #@G..........# ##
#.G...........
#...........#..#
#.......#.#.......#
##.#.#..####...#..# #
###... ....... ##.#
......# ### ##.### ##


You could see 2 golden eyes.

Vanquished Creatures
  2 acid blobs (Slime:1)
  Gastronok (Lair:1)
  Maud (Lair:7)
  Snorg (Lair:7)
  A fire dragon (Volcano)
  A great orb of eyes (Slime:1)
  5 hydras
  A death yak (Lair:8)
  Sonja (Lair:1)
  2 hill giants
  An oklob plant (Lair:4)
  A griffon (Lair:5)
  A necromancer (IceCv)
  11 elephants
  2 salamanders (Volcano)
  5 ice statues (IceCv)
  2 black mambas
  A torpor snail (Lair:6)
  28 spiny frogs
  3 rime drakes
  6 komodo dragons
  7 ice devils (IceCv)
  4 two-headed ogres (Volcano)
  A polar bear (Lair:7)
  A troll (D:10)
  A giant leech (Lair:8)
  A boulder beetle (Lair:7)
  24 blink frogs
  6 slime creatures
  A spriggan (D:7)
  9 wyverns
  4 basilisks
  11 fire bats
  A golden eye (Slime:1)
  48 yaks
  2 steam dragons (Volcano)
  A vampire mosquito (Lair:8)
  2 nagas (Lair:5)
  11 hippogriffs
  13 porcupines
  7 water moccasins
  3 ice beasts
  A phantom (D:10)
  3 orc warriors (D:7)
  2 sky beasts
  A black bear (Lair:3)
  An eye of draining (D:9)
  9 wolves
  4 ogres
  8 centaurs
  24 crocodiles
  29 giant frogs
  A water moccasin skeleton (D:4)
  A water moccasin zombie (D:6)
  2 wyvern skeletons
  4 scorpions
  5 wights
  5 electric eels (Lair:8)
  A howler monkey (D:5)
  A giant frog zombie (D:8)
  4 crimson imps
  A centaur zombie (D:8)
  A draconian simulacrum (IceCv)
  2 jellies
  3 hounds
  A giant frog skeleton (D:10)
  10 orc wizards
  4 orc priests
  Ijyb (D:2)
  4 iguanas
  2 troll simulacra (IceCv)
  4 worker ants
  3 spriggan simulacra (IceCv)
  15 hell rats
  30 sheep
  A centaur simulacrum (IceCv)
  A hound zombie (D:6)
  A hound skeleton (D:4)
  A worker ant zombie (D:9)
  Robin (D:3)
  9 gnolls
  A naga simulacrum (IceCv)
  6 adders
  2 ogre simulacra (IceCv)
  91 river rats
  2 shadow imps (D:7)
  12 white imps (Lair:8)
  2 oozes
  An adder zombie (D:5)
  2 worms
  A dart slug (D:1)
  8 giant geckos
  25 orcs
  A ball python (D:2)
  9 bats
  7 giant cockroaches
  7 hobgoblins
  6 jackals
  9 kobolds
  2 quokkas
  A ball python skeleton (D:5)
  4 giant newts
  18 goblins
  A quokka skeleton (D:6)
  22 rats
  A plant (Volcano)
677 creatures vanquished.

Vanquished Creatures (others)
  A wyvern (Volcano)
  A steam dragon (Volcano)
  A mottled dragon (Volcano)
  29 fungi
  70 plants
102 creatures vanquished.

Grand Total: 779 creatures vanquished

Notes
Turn   | Place    | Note
--------------------------------------------------------------
     0 | D:1      | dohliylev the Vampire Enchanter began the quest for the Orb.
     0 | D:1      | Reached XP level 1. HP: 13/13 MP: 3/3
   254 | D:1      | Reached XP level 2. HP: 14/19 MP: 3/5
   260 | D:1      | Reached skill level 5 in Stealth
   669 | D:1      | Learned a level 2 spell: Ensorcelled Hibernation
   890 | D:2      | Reached XP level 3. HP: 24/24 MP: 6/6
   967 | D:2      | Noticed Ijyb
   973 | D:2      | Killed Ijyb
   973 | D:2      | Reached skill level 6 in Stealth
   973 | D:2      | Reached skill level 5 in Hexes
  1036 | D:2      | Found an oddly glowing altar of Pakellas.
  1069 | D:2      | Found an iron altar of Okawaru.
  1189 | D:2      | Found a radiant altar of Vehumet.
  1194 | D:2      | Reached XP level 4. HP: 30/30 MP: 7/7
  1766 | D:3      | Found an ancient bone altar of Kikubaaqudgha.
  1780 | D:3      | Noticed Robin
  1995 | D:3      | Found a shadowy altar of Dithmenos.
  2004 | D:3      | Became a worshipper of Dithmenos the Shadowed
  2270 | D:3      | Found a blossoming altar of Fedhas.
  2314 | D:3      | Reached skill level 1 in Ice Magic
  2772 | D:3      | Reached skill level 7 in Stealth
  2772 | D:3      | Reached XP level 5. HP: 35/35 MP: 1/8
  2941 | D:3      | Killed Robin
  3160 | D:3      | Found a glowing silver altar of Zin.
  3434 | D:4      | Reached * piety under Dithmenos
  3434 | D:4      | Reached skill level 8 in Stealth
  3634 | D:4      | Found a shattered altar of Ashenzari.
  3640 | D:4      | Noticed F1L1N's ghost (novice DrBe)
  3810 | D:4      | Noticed a phantom
  4211 | D:4      | Reached XP level 6. HP: 36/42 MP: 9/9
  4311 | D:5      | Entered Level 5 of the Dungeon
  4315 | D:5      | Noticed an ice beast
  4324 | D:5      | Killed an ice beast
  4324 | D:5      | Reached skill level 9 in Stealth
  4577 | D:5      | Reached XP level 7. HP: 47/47 MP: 11/11
  4598 | D:5      | Reached skill level 1 in Fighting
  4831 | D:5      | Found a glowing golden altar of the Shining One.
  4839 | D:5      | Reached skill level 10 in Stealth
  4987 | D:5      | Found Nesyfretz's Weapon Emporium.
  5015 | D:5      | Found a bloodstained altar of Trog.
  5260 | D:6      | Found a staircase to the Ecumenical Temple.
  5407 | D:6      | Found a shimmering altar of Xom.
  5658 | D:6      | Found a radiant altar of Vehumet.
  5823 | D:6      | Reached XP level 8. HP: 57/57 MP: 13/13
  5895 | D:6      | Noticed a hill giant
  6268 | D:6      | Found a deep blue altar of Sif Muna.
  7078 | D:6      | Reached ** piety under Dithmenos
  7333 | D:7      | Learned a level 3 spell: Tukima's Dance
  7337 | D:7      | Learned a level 3 spell: Dazzling Spray
  8190 | D:7      | Reached skill level 5 in Spellcasting
  8190 | D:7      | Reached XP level 9. HP: 63/63 MP: 16/16
  8278 | D:7      | Reached skill level 11 in Stealth
  8712 | D:6      | Killed a hill giant
  9077 | D:7      | Reached skill level 5 in Dodging
  9850 | D:8      | Found Kuaganguek's Gadget Shoppe.
  9935 | D:8      | Identified a +1 rod of ignition (10/10) (You found it on level 8 of the Dungeon)
  9946 | D:8      | Found Saroh's Food Shoppe.
  9953 | D:8      | Found Oroy's Gadget Shop.
 10180 | D:8      | Found Diul's Distillery.
 10187 | D:8      | Found an opulent altar of Gozag.
 10465 | D:8      | Reached skill level 10 in Hexes
 10671 | D:9      | Reached *** piety under Dithmenos
 10869 | D:9      | Got a faintly humming leather armour
 10896 | D:9      | Reached XP level 10. HP: 70/70 MP: 13/19
 11211 | D:9      | Found a bloodstained altar of Trog.
 11481 | D:10     | Entered Level 10 of the Dungeon
 11613 | D:10     | Found a staircase to the Lair.
 11617 | D:10     | Reached skill level 12 in Stealth
 11635 | D:10     | Reached skill level 5 in Ice Magic
 11847 | D:10     | Identified the cursed +1 leather armour of Duejer {Int+6 Dex+4} (You found it on level 9 of the Dungeon)
 11940 | D:10     | Noticed a hill giant
 11989 | D:10     | Killed a hill giant
 12103 | D:10     | Reached skill level 13 in Stealth
 12198 | D:10     | Found Peceyrch's Armour Emporium.
 12216 | D:10     | Reached **** piety under Dithmenos
 12448 | Lair:1   | Entered Level 1 of the Lair of Beasts
 12468 | Lair:1   | Reached skill level 1 in Armour
 12686 | Lair:1   | Noticed Gastronok
 12868 | Lair:1   | Killed Gastronok
 12868 | Lair:1   | Reached XP level 11. HP: 35/77 MP: 3/22
 13346 | Lair:1   | Noticed Sonja
 13536 | Lair:1   | Learned a level 2 spell: Repel Missiles
 13539 | Lair:1   | Learned a level 2 spell: Swiftness
 13612 | Lair:1   | Reached skill level 14 in Stealth
 14086 | Lair:1   | Reached ***** piety under Dithmenos
 14485 | Lair:1   | Killed Sonja
 14485 | Lair:1   | Reached skill level 15 in Stealth
 15115 | Lair:2   | Got a bound graven amulet
 15782 | Lair:2   | Reached XP level 12. HP: 83/83 MP: 15/24
 16326 | Lair:3   | Found a dark tunnel.
 16334 | Lair:3   | Reached skill level 16 in Stealth
 16340 | Volcano  | Entered a volcano
 16367 | Volcano  | Identified the amulet "Nadduf" {Reflect *Corrode rN+ Dex+5 SH+2} (You found it on level 2 of the Lair of Beasts)
 17338 | Volcano  | Noticed a fire dragon
 17344 | Volcano  | Killed a fire dragon
 17531 | Lair:3   | Reached skill level 5 in Short Blades
 18045 | Lair:3   | Learned a level 3 spell: Mephitic Cloud
 18795 | Lair:4   | Found an iron altar of Okawaru.
 18799 | Lair:4   | Reached skill level 17 in Stealth
 19071 | Lair:4   | Learned a level 4 spell: Olgreb's Toxic Radiance
 19346 | Lair:4   | Reached XP level 13. HP: 90/90 MP: 26/26
 19371 | Lair:4   | Reached skill level 1 in Conjurations
 19722 | Lair:4   | Reached skill level 1 in Poison Magic
 19894 | Lair:5   | Found a staircase to the Shoals.
 20061 | Lair:5   | Found a staircase to the Snake Pit.
 21001 | Lair:6   | Reached skill level 18 in Stealth
 21263 | Lair:6   | Reached skill level 1 in Air Magic
 22006 | Lair:7   | Noticed Maud
 22034 | Lair:7   | Killed Maud
 22346 | Lair:7   | Noticed Snorg
 22349 | Lair:7   | Killed Snorg
 22349 | Lair:7   | Reached skill level 10 in Spellcasting
 23092 | Lair:7   | Reached XP level 14. HP: 94/96 MP: 22/28
 23151 | Lair:8   | Entered Level 8 of the Lair of Beasts
 23405 | Lair:8   | Found a frozen archway.
 23422 | Lair:8   | Reached skill level 19 in Stealth
 23900 | IceCv    | Entered an ice cave
 27849 | IceCv    | Got an ancient chain mail
 27860 | IceCv    | Identified the cursed +0 chain mail of Oroxirao {rN+} (You found it in an ice cave)
 28148 | Lair:8   | Reached skill level 15 in Hexes
 28226 | Lair:8   | Found a viscous altar of Jiyva.
 28226 | Lair:8   | Found a staircase to the Slime Pits.
 29343 | Slime:1  | Entered Level 1 of the Pits of Slime
 29343 | Slime:1  | Noticed an acid blob
 29343 | Slime:1  | Noticed an acid blob
 29345 | Slime:1  | Killed an acid blob
 29360 | Slime:1  | Killed an acid blob
 29360 | Slime:1  | Reached skill level 20 in Stealth
 29757 | Slime:1  | Paralysed by a great orb of eyes for 6 turns
 30278 | Slime:1  | HP: 3/96 [acid (8)]
 30279 | Slime:1  | Splashed with acid

Vault maps used:
D:1:      elethiomel_arrival_shortcut, serial_curves, eino_curves_03,
          eino_curves_02, kennysheep_nondescript
D:2:      old_standard_altar, okawaru_ov_weapons_minmay, first_bread,
          serial_corexii_hall, corexii_hall_statues_i, corexii_hall_statues_u,
          minmay_misc_feat_nine_boxes, grunt_pakellas_mercury, uniq_iyjb
D:3:      zin_treasury, kiku_gazebo_garden_becter, overflow_temple_1_default,
          nicolae_dithmenos_shadow_blocks, uniq_robin
D:4:      evilmike_ruin_ashenzari, minmay_cut_off
D:5:      lemuel_round_altar, serial_shops, kennysheep_little_box, basic_altar
D:6:      lemuel_crystal_altar, kennysheep_mini,
          minmay_temple_entry_from_below_a, vehumet_altar_wand_db
D:7:      roderic_serpentine_path, the_bakery
D:8:      nicolae_gozag_cash_rules_everything_around_me, serial_shops, shop,
          nicolae_shop_behind_doors, nicolae_shop_behind_doors,
          nicolae_shop_behind_doors
D:9:      trog_eyes_of_draining
D:10:     minmay_lair_entry_grove, serial_shops, shop, st_stairs_7
Lair:1:   serial_bayou_pond_a, uniq_sonja, uniq_gastronok
Lair:3:   lemuel_ratsnest, serial_forest, infiniplex_forest_clump_tiny,
          infiniplex_forest_clump_medium, infiniplex_forest_lined_3,
          infiniplex_forest_fountain, infiniplex_forest_end_2,
          infiniplex_forest_straight_5, infiniplex_forest_zigzag_2,
          nicolae_volcano_entry_batcave, grunt_forest_large_clearings
Lair:4:   lemuel_oklob_altar, lemuel_fruit_tree
Lair:5:   minmay_shoals_entry_centaurs, guppyfry_snake_entry_garden
Lair:7:   beast_lair_carwin_5, uniq_maud, uniq_snorg
Lair:8:   minmay_lair_end_frog_pond, dpeg_slime_entry_enclosed_altar,
          portal_ice_cave_entry_imps, st_stairs_13
Slime:1:  basic_altar, nicolae_slime_ancient_tower_intersection
IceCv:    ice_cave_tombish
Volcano:  pf_volcano_lost_world

Skill      XL: |  1  2  3  4  5  6  7  8  9 10 11 12 13 14 |
---------------+-------------------------------------------+-----
Stealth        | 5 6 7 8 9 10 11 13 15 17 18 20 | 20.1
Hexes          | 5 6 8 10 11 12 13 14 15 | 15.5
Ice Magic      | 1 2 4 5 6 8 9 |  9.5
Dodging        | 3 4 5 6 7 8 9 |  9.8
Spellcasting   | 3 5 6 7 8 9 10 | 10.8
Fighting       | 2 3 4 |  4.9
Short Blades   | 2 3 4 5 |  5.9
Armour         | 1 2 3 |  3.1
Conjurations   | 1 2 |  2.1
Poison Magic   | 1 |  1.9
Air Magic      | 1 |  1.1
Throwing       | |  0.5
Charms         | |  0.4
Invocations    | |  0.3

Action                   |  1- 3 |  4- 6 |  7- 9 | 10-12 | 13-15 || total
-------------------------+-------+-------+-------+-------+-------++-------
Melee: Dagger            |    61 |   159 |   326 |   712 |   927 ||  2185
       Short sword       |       |       |       |     4 |       ||     4
 Fire: Blowgun           |       |       |       |    15 |     4 ||    19
Throw: Tomahawk          |       |       |     1 |       |       ||     1
 Cast: Corona            |     5 |     4 |    33 |    10 |     7 ||    59
       Ensorcelled Hiber |     9 |    48 |   105 |   225 |   253 ||   640
       Tukima's Dance    |       |       |     4 |     4 |       ||     8
       Dazzling Spray    |       |       |     2 |    43 |    57 ||   102
       Mephitic Cloud    |       |       |       |     5 |    18 ||    23
       Swiftness         |       |       |       |     1 |     5 ||     6
       Olgreb's Toxic Ra |       |       |       |       |     8 ||     8
Invok: Shadow Step       |       |       |     1 |     2 |     9 ||    12
 Abil: End Transformatio |       |     5 |     7 |     6 |     9 ||    27
       Bat Form          |       |     5 |     7 |     6 |     9 ||    27
  Use: Potion            |       |     6 |     6 |     1 |    10 ||    23
       Scroll            |       |       |       |    20 |    13 ||    33
 Stab: Sleeping          |    20 |    43 |    82 |   170 |   164 ||   479
       Invisible         |       |       |       |     3 |     6 ||     9
       Distracted        |       |       |       |     1 |     3 ||     4
       Confused          |       |       |       |     3 |     5 ||     8
  Eat: Corpse            |       |     1 |     1 |       |       ||     2
